 Dungeon Crawl Stone Soup version 0.29.0-4-gdea44cf6ec (webtiles) character file.

Game seed: 6590243873799876433

179831 qw the Warrior (level 17, -4/168 HPs)
             Began as a Minotaur Berserker on Sept 9, 2022.
             Was an Elder of Trog.
             Hit by a javelin thrown by a merfolk javelineer (6 damage)
             ... on level 4 of the Shoals.
             The game lasted 00:12:45 (33638 turns).

qw the Warrior (Minotaur Berserker)                Turns: 33638, Time: 00:12:45

Health: -4/168     AC: 36    Str: 34    XL:     17   Next: 62%
Magic:  16/16      EV: 15    Int:  7    God:    Trog [****..]
Gold:   1268       SH: 13    Dex: 11    Spells: 16/16 levels left

rFire   . . .      SeeInvis .   f - +6 broad axe (vamp)
rCold   . . .      Faith    .   i - +0 kite shield
rNeg    + + .      Spirit   .   v - +2 plate armour
rPois   +          Reflect  .   d - +2 hat {Stlth+}
rElec   +          Harm     .   p - +2 cloak {rCorr}
rCorr   +          Rampage  .   b - +2 pair of gloves
Will    +....                   j - +5 pair of boots of Pathos {rN++ Str+5 Int-4}
Stlth   ..........              l - amulet of regeneration
HPRegen 1.18/turn               x - ring of Fatint {EV+4 Int+7}
MPRegen 0.15/turn               h - ring "Pelekeo" {rElec rPois}

@: about to teleport, on berserk cooldown, slowed, very slow
A: horns 2, retaliatory headbutt
a: Renounce Religion, Berserk, Trog's Hand, Brothers in Arms


You were on level 4 of the Shoals.
You worshipped Trog.
Trog was greatly pleased with you.
You visited 5 branches of the dungeon, and saw 29 of its levels.
You also visited: Gauntlet.

You collected 3006 gold pieces.
You spent 1738 gold pieces at shops.


Innate Abilities, Weirdness & Mutations

You have a pair of horns on your head.
You reflexively headbutt those who attack you in melee.


   Skills:
 + Level 19.0 Fighting
 - Level 18.0 Axes
 - Level 11.0 Throwing
 - Level 18.0 Armour
 - Level 9.0 Dodging
 - Level 17.0 Shields


You had 16 spell levels left.
You didn't know any spells.
Your spell library was empty.

Inventory:

Hand Weapons
 f - a +6 vampiric broad axe (weapon)
 w - a +1 broad axe of flaming
Missiles
 m - 2 silver boomerangs
 o - 12 javelins (quivered)
 q - 23 boomerangs
 r - a silver javelin
 y - 2 boomerangs of dispersal
Armour
 b - a +2 pair of gloves (worn)
 d - a +2 hat of stealth (worn)
 i - a +0 kite shield (worn)
 j - the +5 pair of boots of Pathos (worn) {rN++ Str+5 Int-4}
   (You acquired it on level 5 of the Lair of Beasts)

   Str:       It affects your strength (+5).
   Int:       It affects your intelligence (-4).
   rN:        It greatly protects you from negative energy.
 p - a +2 cloak of preservation (worn)
 v - a +2 plate armour (worn)
 B - the +2 pair of gloves of Impermeability {Rampage rElec Will- Int+5}
   (You found it on level 2 of the Spider Nest)

   Int:       It affects your intelligence (+5).
   rElec:     It insulates you from electricity.
   Rampage:   It bestows one free step when moving towards enemies.
   Will:      It decreases your willpower.
Jewellery
 h - the ring "Pelekeo" (right hand) {rElec rPois}
   (You bought it in a shop on level 2 of the Orcish Mines)

   [ring of poison resistance]

   rElec:     It insulates you from electricity.
   rPois:     It protects you from poison.
 l - an amulet of regeneration (around neck)
 n - a +4 ring of evasion
 x - the ring of Fatint (left hand) {EV+4 Int+7}
   (You found it on level 5 of the Lair of Beasts)

   [ring of evasion]

   EV:        It affects your evasion (+4).
   Int:       It affects your intelligence (+7).
 Y - a ring of poison resistance
Scrolls
 e - 10 scrolls of teleportation
 g - 13 scrolls of identify
 u - 4 scrolls of brand weapon
Potions
 a - 12 potions of curing
 c - a potion of haste
 k - 2 potions of mutation
 s - a potion of cancellation
 t - 5 potions of heal wounds
 z - 4 potions of resistance
 A - 5 potions of might

Dungeon Overview and Level Annotations

Branches:
Dungeon (15/15)            Temple (0/1) D:6            Lair (5/5) D:10
 Shoals (4/4) Lair:3       Spider (3/4) Lair:3        Slime (0/5) Lair:5
    Orc (2/2) D:10            Elf (0/3) Orc:2        Vaults (0/5) D:14
 Depths (0/4) D:15        Gauntlet (visited)

Altars:
Ashenzari
Dithmenos
Gozag
Hepliaklqana
Makhleb
Nemelex Xobeh
Okawaru
Ru
Trog
Uskayaw
Wu Jian
Xom
The Shining One
Jiyva

Shops:
D:4 (   D:7 [   Orc:2 =*(=   Shoals:2 (   Shoals:3 :!

Portals:
Abyss: D:6
Trove: D:14 (give 11 potions of heal wounds)

Annotations:
D:6 2 transporters, 1 runed translucent door, Crazy Yiuf; qw's ghost, novice GrFi
Lair:4 2 transporters
Shoals:2 Ilsuiw


Message History

You struggle against the net.
The sea snake bites you!
The merfolk impaler hits you but does no damage.
The merfolk javelineer throws a javelin.
The javelin pierces through you.
The merfolk impaler hits you but does no damage.
The sea snake bites you but does no damage.
The sea snake completely misses you.
The merfolk hits you but does no damage.
The merfolk impaler hits you but does no damage. x2
The merfolk javelineer barely misses you.
The sea snake bites you but does no damage.
The merfolk impaler hits you but does no damage. x2
You writhe in agony.
You rip the net and break free!
You block the sea snake's attack. The merfolk barely misses you.
The merfolk impaler hits you but does no damage.
The merfolk impaler hits you from afar with a +1 trident of pain.
The sea snake bites you!
The merfolk javelineer throws a javelin.
The javelin barely misses you. You block the sea snake's attack.
The merfolk impaler hits you from afar with a +1 trident of pain!
The merfolk impaler hits you from afar with a +2 trident of flaming.
The merfolk impaler burns you.
The merfolk hits you but does no damage.
33638 ||| READING 11 scrolls of teleportation.
As you read the scroll of teleportation, it crumbles to dust.
You feel strangely unstable. You block the sea snake's attack.
The sea snake barely misses you. The merfolk impaler closely misses you.
The merfolk javelineer throws a javelin.
The javelin misses you.
The merfolk impaler hits you from afar with a +2 trident of flaming!
The merfolk impaler burns you. You block the sea snake's attack.
You block the merfolk's attack. The merfolk impaler closely misses you.
The merfolk impaler completely misses you.
The sea snake closely misses you.
The merfolk javelineer throws a javelin.
The javelin pierces through you.
You die...

#..#
...~...#..#
.~~#..#..# #
~~~..#..# #.
~~..#..# .~
#~~.#%.#
#.#~#~~.#..#
#.~~~~~%#..#
.~##S@~#..#
.'.~mm~)S~..#
.'.~#mmm....#
.#. #..~.#..#
.~~.~~.#..#
.~~#~..#..#
#..~#~#.#..#
#..~~~..#..#
~~~..#..#


You could see 2 merfolk impalers, a merfolk javelineer, 2 sea snakes and 2
merfolk.

Vanquished Creatures
  A kraken (Shoals:3)
  Kirke (D:14)
  A ghost moth (Spider:1)
  A broodmother (Spider:3)
  Azrael (D:14)
  Nessos (Lair:3)
  2 entropy weavers
  5 spark wasps
  3 dire elephants (Lair:5)
  A fire dragon (D:15)
  An ettin (D:14)
  A merfolk javelineer (Shoals:3)
  7 merfolk impalers
  A hydra (shapeshifter) (D:15)
  A great orb of eyes (D:15)
  Fannar (Orc:1)
  A rakshasa (D:15)
  4 hydras
  3 boulder beetles
  An alligator snapping turtle (Shoals:3)
  Erolcha (Orc:2)
  3 ogre magi (Orc:2)
  2 merfolk avatars (Shoals:3)
  A catoblepas (Lair:2)
  2 radroaches (Spider:1)
  5 merfolk aquamancers
  5 centaur warriors
  A two-headed ogre (shapeshifter) (D:15)
  3 jorogumos
  13 two-headed ogres
  A satyr (Shoals:2)
  11 death yaks
  Erica (Orc:1)
  4 tengu warriors
  A spectral dire elephant (Lair:5)
  2 spectral death yaks (Lair:5)
  A pharaoh ant (Spider:2)
  5 sea snakes
  A spectral anaconda (Lair:5)
  A deep troll (D:14)
  An orb spider (Spider:3)
  6 steelbarb worms
  A wizard (Gauntlet)
  A flayed ghost (D:15)
  3 bog bodies (Shoals:1)
  A sun moth (Spider:1)
  2 orc knights
  A lindwurm (D:14)
  2 deep elf pyromancers (D:15)
  3 harpies (Shoals:3)
  An oklob plant (Lair:5)
  A deep elf zephyrmancer (D:15)
  4 necromancers (Lair:5)
  20 fauns
  11 wolf spiders
  15 ugly things
  An orc sorcerer (D:15)
  8 cyclopes
  15 elephants
  7 manticores
  Maurice (D:8)
  2 moths of wrath (Spider:1)
  15 merfolk sirens
  3 black mambas
  4 torpor snails
  5 water nymphs
  A gargoyle (D:12)
  11 cane toads
  4 demonic crawlers
  An unseen horror (D:13)
  3 rime drakes
  6 komodo dragons
  2 kobold demonologists (D:12)
  2 tengu conjurers
  An efreet (D:14)
  5 yaktaurs (D:15)
  A troll (shapeshifter) (D:14)
  A guardian mummy (D:14)
  5 trolls
  2 polar bears
  A queen bee (Gauntlet)
  7 wind drakes
  A wind drake (shapeshifter) (D:14)
  20 merfolk
  21 blink frogs
  13 tarantellas
  20 slime creatures
  6 snapping turtles
  10 dream sheep
  4 spectral elephants (Lair:5)
  10 jumping spiders
  2 shadows
  An air elemental (Shoals:4)
  10 culicivoras
  16 water elementals
  5 fire elementals (D:14)
  A yak (shapeshifter) (D:13)
  3 wraiths
  27 yaks
  5 wyverns
  A steam dragon (D:6)
  8 basilisks
  24 redbacks
  A death yak simulacrum (Lair:5)
  3 hogs (D:14)
  2 wargs
  8 vampire mosquitoes
  An acid dragon (D:11)
  Menkaure (D:4)
  A spectral cane toad (Lair:5)
  16 water moccasins
  19 orc warriors
  A black bear (D:4)
  2 sky beasts
  11 wolves (Lair:1)
  34 ogres
  A centaur (D:10)
  An elephant skeleton (Lair:5)
  2 phantoms
  4 kobold brigands
  Blork the orc (D:6)
  10 bullfrogs
  3 gnoll sergeants
  A necrophage (D:7)
  4 scorpions
  18 wights
  An elephant simulacrum (Lair:5)
  19 killer bees
  5 electric eels
  2 howler monkeys (D:14)
  3 hounds
  A jelly (D:6)
  11 orc priests
  21 orc wizards
  3 iguanas
  7 polar bear simulacra (Lair:5)
  17 gnolls
  11 adders
  2 shadow imps
  3 white imps (D:7)
  An ufetubus (D:5)
  2 worms
  54 orcs
  7 bats
  10 endoplasms
  4 giant cockroaches
  7 goblins
  4 hobgoblins
  2 jackals (D:5)
  29 kobolds
  3 quokkas
  2 ball pythons
  3 frilled lizards
  3 rats
  4 river rat simulacra (Lair:5)
  4 tentacles (Shoals:3)
887 creatures vanquished.

Vanquished Creatures (collateral kills)
  Mlioglotl (Spider:1)
  A minotaur (Gauntlet)
  An ogre mage (Orc:2)
  A merfolk avatar (Shoals:2)
  A two-headed ogre (Orc:2)
  An orb spider (Spider:1)
  An obsidian statue (Lair:5)
  2 ugly things (D:14)
  A moth of wrath (Spider:1)
  2 efreet (D:14)
  2 slime creatures (D:14)
  2 culicivoras (Spider:1)
  A hog (D:14)
  An orc warrior (Orc:1)
  2 ogres (Orc:2)
  An orc wizard (Orc:1)
21 creatures vanquished.

Vanquished Creatures (others)
  A merfolk aquamancer (Shoals:3)
  A sea snake (Shoals:3)
  23 fungi
  159 plants
  4 tentacles (Shoals:3)
  28 withered plants (Lair:5)
216 creatures vanquished.

Grand Total: 1124 creatures vanquished

Notes
Turn   | Place    | Note
-------+----------+-------------------------------------------
     0 | D:1      | qw the Minotaur Berserker began the quest for the Orb.
     0 | D:1      | Reached XP level 1. HP: 19/19 MP: 0/0
     0 | D:1      | 0 ||| qw: Version: 0.1-a-113-g051387a
     0 | D:1      | 0 ||| qw: Game counter: 7286
     0 | D:1      | 0 ||| qw: Always use a shield: true
     0 | D:1      | 0 ||| qw: Do Orc after D:15 true
     0 | D:1      | 0 ||| qw: Do second Lair branch before Depths: true
     0 | D:1      | 0 ||| qw: Lair rune preference: random
     0 | D:1      | 0 ||| qw: Plans: Normal
     0 | D:1      | 0 ||| PLANNING D:1-11
   286 | D:1      | 286 ||| Stepping ~*~*~tactically~*~*~ (stealth).
   288 | D:1      | Reached XP level 2. HP: 25/26 MP: 1/1
   400 | D:1      | 400 ||| Stepping ~*~*~tactically~*~*~ (stealth).
   838 | D:1      | 838 ||| INVOKING Berserk.
   841 | D:1      | Reached XP level 3. HP: 31/31 MP: 2/2
  1141 | D:1      | 1141 ||| UPGRADING to +0 pair of boots.
  1146 | D:1      | 1146 ||| UPGRADING to +0 ring mail.
  1156 | D:1      | 1156 ||| DROPPING +0 animal skin.
  1157 | D:1      | 1157 ||| READING scroll labelled COUBBI RENYUL.
  1158 | D:1      | 1158 ||| DROPPING +0 club.
  1159 | D:1      | 1159 ||| READING scroll labelled QOAVVEPHO WEEM.
  1164 | D:1      | 1164 ||| READING scroll labelled NAOSTEH XAUZ.
  1165 | D:1      | 1165 ||| DRINKING 2 fizzy orange potions.
  1201 | D:1      | 1201 ||| DRINKING 2 bubbling ruby potions.
  1202 | D:1      | 1202 ||| DROPPING potion of lignification.
  1203 | D:1      | 1203 ||| DROPPING potion of invisibility.
  1229 | D:2      | Found a faded altar of an unknown god.
  1232 | D:2      | 1232 ||| Stepping ~*~*~tactically~*~*~ (stealth).
  1233 | D:2      | 1233 ||| Stepping ~*~*~tactically~*~*~ (stealth).
  1450 | D:2      | 1450 ||| INVOKING Berserk.
  1452 | D:2      | Reached skill level 1 in Throwing
  1582 | D:2      | 1582 ||| Stepping ~*~*~tactically~*~*~ (stealth).
  1599 | D:2      | 1599 ||| FLEEEEING.
  1600 | D:2      | 1600 ||| FLEEEEING.
  1601 | D:2      | 1601 ||| FLEEEEING.
  1618 | D:2      | 1618 ||| FLEEEEING.
  1619 | D:2      | 1619 ||| FLEEEEING.
  1620 | D:2      | 1620 ||| FLEEEEING.
  1621 | D:2      | 1621 ||| FLEEEEING.
  1622 | D:2      | 1622 ||| FLEEEEING.
  1631 | D:2      | 1631 ||| STAIRDANCE
  1668 | D:1      | 1668 ||| UPGRADING to +0 pair of gloves.
  1673 | D:1      | 1673 ||| UPGRADING to +6 ring of strength.
  1674 | D:1      | 1674 ||| READING 2 scrolls labelled SUNYVI ULIM.
  1807 | D:2      | 1807 ||| Stepping ~*~*~tactically~*~*~ (stealth).
  1828 | D:2      | 1828 ||| Stepping ~*~*~tactically~*~*~ (stealth).
  1955 | D:2      | Reached XP level 4. HP: 39/39 MP: 3/3
  2008 | D:2      | Reached ** piety under Trog
  2350 | D:2      | 2350 ||| UPGRADING to +0 kite shield.
  2355 | D:2      | 2355 ||| READING scroll labelled NAPOR QAMYFRAOFF.
  2356 | D:2      | 2356 ||| DRINKING 2 yellow potions.
  2357 | D:2      | 2357 ||| READING 2 scrolls of identify.
  2357 | D:2      | 2357 ||| IDENTIFYING lumpy green potion
  2358 | D:2      | 2358 ||| DROPPING potion of flight.
  2662 | D:3      | Found a broken altar of Ashenzari.
  2669 | D:3      | 2669 ||| Stepping ~*~*~tactically~*~*~ (stealth).
  2671 | D:3      | 2671 ||| Stepping ~*~*~tactically~*~*~ (hiding).
  2676 | D:3      | 2676 ||| INVOKING Berserk.
  2816 | D:3      | 2816 ||| Stepping ~*~*~tactically~*~*~ (stealth).
  2817 | D:3      | 2817 ||| Stepping ~*~*~tactically~*~*~ (stealth).
  2919 | D:3      | 2919 ||| Stepping ~*~*~tactically~*~*~ (stealth).
  2924 | D:3      | 2924 ||| Stepping ~*~*~tactically~*~*~ (stealth).
  3037 | D:3      | Reached XP level 5. HP: 45/45 MP: 4/4
  3108 | D:3      | 3108 ||| UPGRADING to +0 chain mail.
  3118 | D:3      | 3118 ||| DROPPING +0 ring mail.
  3119 | D:3      | 3119 ||| UPGRADING to +4 ring of evasion.
  3120 | D:3      | 3120 ||| READING 2 scrolls labelled REBEGEOTSA.
  3121 | D:3      | 3121 ||| READING scroll labelled ARCHEBL UGOLEI.
  3122 | D:3      | 3122 ||| READING scroll labelled FUXKIM SAOPP.
  3123 | D:3      | 3123 ||| DRINKING 2 bubbling dark potions.
  3124 | D:3      | 3124 ||| READING 2 scrolls of identify.
  3124 | D:3      | 3124 ||| IDENTIFYING fuming white potion
  3125 | D:3      | 3125 ||| DROPPING scroll of blinking.
  3126 | D:3      | 3126 ||| DROPPING potion of brilliance.
  3127 | D:3      | 3127 ||| DROPPING potion of magic.
  3185 | D:4      | Reached skill level 3 in Shields
  3185 | D:4      | 3185 ||| STAIRDANCE
  3414 | D:4      | 3414 ||| Stepping ~*~*~tactically~*~*~ (stealth).
  3419 | D:4      | Reached skill level 6 in Axes
  3512 | D:4      | Noticed Menkaure
  3516 | D:4      | 3516 ||| INVOKING Berserk.
  3518 | D:4      | Killed Menkaure
  3519 | D:4      | Reached XP level 6. HP: 51/51 MP: 5/5
  3634 | D:4      | Found an iron altar of Okawaru.
  3658 | D:4      | Found an ornate altar of the Wu Jian Council.
  3908 | D:4      | 3908 ||| INVOKING Berserk.
  4060 | D:4      | Found Ussuir's Antique Weapon Shoppe.
  4083 | D:4      | 4083 ||| DRINKING 2 bubbling green potions.
  4084 | D:4      | 4084 ||| READING 3 scrolls of identify.
  4084 | D:4      | 4084 ||| IDENTIFYING metallic grey potion
  4085 | D:4      | 4085 ||| READING 2 scrolls of identify.
  4085 | D:4      | 4085 ||| IDENTIFYING viscous grey potion
  4086 | D:4      | 4086 ||| DROPPING potion of attraction.
  4087 | D:4      | 4087 ||| DROPPING potion of ambrosia.
  4118 | D:5      | Entered Level 5 of the Dungeon
  4127 | D:5      | 4127 ||| INVOKING Berserk.
  4132 | D:5      | Reached skill level 4 in Fighting
  4276 | D:5      | Reached XP level 7. HP: 59/59 MP: 6/6
  4357 | D:5      | 4357 ||| Stepping ~*~*~tactically~*~*~ (stealth).
  4361 | D:5      | 4361 ||| INVOKING Berserk.
  4363 | D:5      | Reached skill level 6 in Shields
  4517 | D:5      | 4517 ||| INVOKING Berserk.
  4520 | D:5      | Reached skill level 3 in Armour
  4598 | D:5      | 4598 ||| Stepping ~*~*~tactically~*~*~ (stealth).
  4599 | D:5      | 4599 ||| Stepping ~*~*~tactically~*~*~ (stealth).
  4634 | D:5      | Found a sacrificial altar of Ru.
  4933 | D:5      | 4933 ||| UPGRADING to ring of poison resistance.
  4935 | D:5      | 4935 ||| READING scroll labelled TAZABIUCRE.
  4992 | D:6      | Reached skill level 9 in Axes
  4992 | D:6      | Reached XP level 8. HP: 53/66 MP: 7/7
  5085 | D:6      | Noticed qw's ghost (novice GrFi)
  5099 | D:6      | 5099 ||| INVOKING Berserk.
  5177 | D:6      | Reached skill level 5 in Fighting
  5223 | D:6      | Reached *** piety under Trog
  5247 | D:6      | 5247 ||| INVOKING Berserk.
  5266 | D:6      | 5266 ||| READING 2 scrolls of teleportation.
  5267 | D:6      | HP: 17/68 [orc/+0 club (5)]
  5268 | D:6      | 5268 ||| DRINKING potion of heal wounds.
  5329 | D:6      | 5329 ||| FLEEEEING.
  5330 | D:6      | 5330 ||| FLEEEEING.
  5438 | D:6      | Found a transporter.
  5438 | D:6      | Found a one-way gate to the infinite horrors of the Abyss.
  5443 | D:6      | Found a transporter.
  5467 | D:6      | Noticed Blork the orc
  5471 | D:6      | 5471 ||| INVOKING Berserk.
  5475 | D:6      | Killed Blork the orc
  5676 | D:6      | Found a runed translucent door.
  5677 | D:6      | Noticed Crazy Yiuf
  5730 | D:6      | 5730 ||| Stepping ~*~*~tactically~*~*~ (stealth).
  5797 | D:6      | Found a staircase to the Ecumenical Temple.
  5979 | D:6      | 5979 ||| READING scroll labelled WERYVY YPSACZO.
  5980 | D:6      | 5980 ||| READING scroll labelled DOIT VIOGIFOI.
  6104 | D:7      | 6104 ||| INVOKING Berserk.
  6240 | D:7      | Found a sparkling altar of Nemelex Xobeh.
  6241 | D:7      | 6241 ||| SWAPPING to +0 war axe.
  6399 | D:7      | Found Tiasus's Antique Armour Shop.
  6411 | D:7      | 6411 ||| BUYING glowing scale mail (175 gold).
  6411 | D:7      | Bought a glowing scale mail for 175 gold pieces
  6411 | D:7      | 6411 ||| SHOPLISTING shimmering scale mail (225 gold, have
                  | 84).
  6411 | D:7      | 6411 ||| SHOPLISTING shiny chain mail (187 gold, have 84).
  6460 | D:7      | Reached XP level 9. HP: 42/75 MP: 8/8
  6462 | D:7      | 6462 ||| INVOKING Berserk.
  6465 | D:7      | Reached skill level 6 in Fighting
  6661 | D:7      | 6661 ||| Stepping ~*~*~tactically~*~*~ (stealth).
  6675 | D:7      | 6675 ||| FLEEEEING.
  6747 | D:7      | 6747 ||| Stepping ~*~*~tactically~*~*~ (hiding).
  6813 | D:7      | 6813 ||| SWAPPING to +1 war axe of freezing.
  6814 | D:7      | 6814 ||| DROPPING +0 war axe.
  6939 | D:7      | 6939 ||| Stepping ~*~*~tactically~*~*~ (stealth).
  7049 | D:7      | Found a bloodstained altar of Trog.
  7116 | D:7      | 7116 ||| DRINKING 3 potions of curing.
  7116 | D:7      | 7116 ||| (to cure confusion)
  7230 | D:7      | 7230 ||| Stepping ~*~*~tactically~*~*~ (hiding).
  7234 | D:7      | 7234 ||| Stepping ~*~*~tactically~*~*~ (stealth).
  7241 | D:7      | 7241 ||| INVOKING Berserk.
  7441 | D:7      | 7441 ||| READING scroll of enchant armour.
  7441 | D:7      | 7441 ||| ENCHANTING +0 pair of gloves.
  7467 | D:7      | Found a glowing golden altar of the Shining One.
  7539 | D:7      | Reached skill level 3 in Throwing
  7711 | D:7      | 7711 ||| UPGRADING to +2 hat of stealth.
  7716 | D:7      | 7716 ||| UPGRADING to +2 scale mail of cold resistance.
  7739 | D:8      | Noticed Maurice
  7749 | D:8      | Killed Maurice
  7750 | D:8      | Reached skill level 12 in Axes
  7832 | D:8      | 7832 ||| READING scroll of enchant armour.
  7832 | D:8      | 7832 ||| ENCHANTING +1 pair of gloves.
  8002 | D:8      | 8002 ||| INVOKING Berserk.
  8004 | D:8      | Reached skill level 7 in Fighting
  8228 | D:8      | 8228 ||| DROPPING +0 chain mail.
  8229 | D:8      | 8229 ||| UPGRADING to +0 cloak.
  8234 | D:8      | 8234 ||| UPGRADING to +0 plate armour.
  8244 | D:8      | 8244 ||| DROPPING +2 scale mail of cold resistance.
  8245 | D:8      | 8245 ||| READING scroll labelled GUOCRIL IMAQY.
  8246 | D:8      | 8246 ||| READING 3 scrolls labelled YLELOD JIACKAW.
  8247 | D:8      | 8247 ||| DRINKING 2 murky pink potions.
  8248 | D:8      | 8248 ||| DROPPING potion of degeneration.
  8249 | D:8      | 8249 ||| DROPPING 2 scrolls of noise.
  8287 | D:9      | 8287 ||| Stepping ~*~*~tactically~*~*~ (stealth).
  8289 | D:9      | 8289 ||| Stepping ~*~*~tactically~*~*~ (hiding).
  8291 | D:9      | 8291 ||| Stepping ~*~*~tactically~*~*~ (hiding).
  8292 | D:9      | 8292 ||| Stepping ~*~*~tactically~*~*~ (hiding).
  8294 | D:9      | 8294 ||| Stepping ~*~*~tactically~*~*~ (hiding).
  8444 | D:9      | 8444 ||| Stepping ~*~*~tactically~*~*~ (stealth).
  8451 | D:9      | Reached **** piety under Trog
  8477 | D:9      | Found a shimmering altar of Xom.
  8527 | D:9      | Reached XP level 10. HP: 86/86 MP: 9/9
  8586 | D:9      | Reached skill level 6 in Armour
  8609 | D:9      | Noticed a two-headed ogre
  8610 | D:9      | 8610 ||| Stepping ~*~*~tactically~*~*~ (hiding).
  8614 | D:9      | 8614 ||| INVOKING Berserk.
  8617 | D:9      | Killed a two-headed ogre
  8618 | D:9      | Reached skill level 9 in Shields
  8649 | D:9      | HP: 20/86 [wight/+0 long sword (4)]
  8650 | D:9      | 8650 ||| READING 3 scrolls of teleportation.
  8969 | D:9      | Found a hazy altar of Hepliaklqana.
  8999 | D:9      | 8999 ||| READING scroll of brand weapon.
  8999 | D:9      | 8999 ||| BRANDING +1 war axe of freezing.
  9000 | D:9      | 9000 ||| DROPPING +0 hand axe of flaming.
  9028 | D:9      | 9028 ||| SWAPPING to +2 war axe of freezing.
  9043 | D:9      | 9043 ||| INVOKING Berserk.
  9208 | D:9      | 9208 ||| Stepping ~*~*~tactically~*~*~ (stealth).
  9271 | D:9      | 9271 ||| INVOKING Berserk.
  9597 | D:9      | 9597 ||| DROPPING scarf of harm.
  9598 | D:9      | 9598 ||| DROPPING ring of positive energy.
  9599 | D:9      | 9599 ||| READING 9 scrolls of identify.
  9599 | D:9      | 9599 ||| IDENTIFYING fizzy purple potion
  9624 | D:10     | Entered Level 10 of the Dungeon
  9626 | D:10     | Noticed a death yak
  9628 | D:10     | Noticed a death yak
  9629 | D:10     | 9629 ||| Stepping ~*~*~tactically~*~*~ (stealth).
  9629 | D:10     | Noticed a death yak
  9630 | D:10     | 9630 ||| Stepping ~*~*~tactically~*~*~ (stealth).
  9630 | D:10     | Noticed a death yak
  9631 | D:10     | 9631 ||| Stepping ~*~*~tactically~*~*~ (stealth).
  9632 | D:10     | 9632 ||| INVOKING Berserk.
  9636 | D:10     | Killed a death yak
  9637 | D:10     | Reached skill level 8 in Fighting
  9642 | D:10     | Killed a death yak
  9647 | D:10     | Killed a death yak
  9648 | D:10     | Reached XP level 11. HP: 81/95 MP: 10/10
  9648 | D:10     | Killed a death yak
  9798 | D:10     | Found a staircase to the Lair.
  9821 | D:10     | 9821 ||| Stepping ~*~*~tactically~*~*~ (stealth).
  9824 | D:10     | 9824 ||| Stepping ~*~*~tactically~*~*~ (hiding).
  9831 | D:10     | 9831 ||| Stepping ~*~*~tactically~*~*~ (stealth).
  9892 | D:10     | Found a shadowy altar of Dithmenos.
  9958 | D:10     | Found an opulent altar of Gozag.
 10040 | D:10     | 10040 ||| INVOKING Berserk.
 10190 | D:10     | 10190 ||| Stepping ~*~*~tactically~*~*~ (stealth).
 10543 | D:10     | 10543 ||| Stepping ~*~*~tactically~*~*~ (stealth).
 10545 | D:10     | 10545 ||| Stepping ~*~*~tactically~*~*~ (stealth).
 10547 | D:10     | 10547 ||| Stepping ~*~*~tactically~*~*~ (hiding).
 10550 | D:10     | 10550 ||| INVOKING Berserk.
 10576 | D:10     | 10576 ||| Stepping ~*~*~tactically~*~*~ (stealth).
 10583 | D:10     | 10583 ||| FLEEEEING.
 10584 | D:10     | 10584 ||| FLEEEEING.
 10585 | D:10     | 10585 ||| FLEEEEING.
 10586 | D:10     | 10586 ||| FLEEEEING.
 10587 | D:10     | 10587 ||| FLEEEEING.
 10588 | D:10     | 10588 ||| FLEEEEING.
 10589 | D:10     | 10589 ||| FLEEEEING.
 10590 | D:10     | 10590 ||| FLEEEEING.
 10591 | D:10     | 10591 ||| FLEEEEING.
 10592 | D:10     | 10592 ||| FLEEEEING.
 10593 | D:10     | 10593 ||| FLEEEEING.
 10629 | D:10     | 10629 ||| Stepping ~*~*~tactically~*~*~ (hiding).
 10634 | D:10     | 10634 ||| INVOKING Berserk.
 10772 | D:10     | Found a staircase to the Orcish Mines.
 10780 | D:10     | 10780 ||| UPGRADING to amulet of regeneration.
 10785 | D:10     | 10785 ||| READING scroll labelled ZASSOG QUNAUL.
 10886 | D:10     | 10886 ||| READING scroll labelled XIUTIO APPUO.
 11022 | D:9      | 11022 ||| READING scroll of enchant armour.
 11022 | D:9      | 11022 ||| ENCHANTING +0 pair of boots.
 11023 | D:9      | 11023 ||| PLANNING LAIR
 11045 | Lair:1   | Entered Level 1 of the Lair of Beasts
 11046 | Lair:1   | 11046 ||| INVOKING Berserk.
 11192 | Lair:1   | 11192 ||| INVOKING Berserk.
 11242 | Lair:1   | 11242 ||| INVOKING Berserk.
 11246 | Lair:1   | Reached skill level 15 in Axes
 11382 | Lair:1   | 11382 ||| Stepping ~*~*~tactically~*~*~ (stealth).
 11385 | Lair:1   | Reached skill level 9 in Fighting
 11397 | Lair:1   | Reached skill level 3 in Dodging
 11468 | Lair:1   | 11468 ||| Stepping ~*~*~tactically~*~*~ (stealth).
 11470 | Lair:1   | 11470 ||| INVOKING Berserk.
 11480 | Lair:1   | 11480 ||| Stepping ~*~*~tactically~*~*~ (hiding).
 11669 | Lair:1   | 11669 ||| INVOKING Berserk.
 11879 | Lair:1   | 11879 ||| Stepping ~*~*~tactically~*~*~ (stealth).
 11880 | Lair:1   | 11880 ||| Stepping ~*~*~tactically~*~*~ (stealth).
 11881 | Lair:1   | 11881 ||| INVOKING Berserk.
 12042 | Lair:1   | Reached skill level 9 in Armour
 12100 | Lair:1   | Noticed a four-headed hydra
 12101 | Lair:1   | 12101 ||| INVOKING Brothers in Arms.
 12103 | Lair:1   | 12103 ||| SWAPPING to +1 war axe of flaming.
 12105 | Lair:1   | 12105 ||| INVOKING Berserk.
 12106 | Lair:1   | Killed a three-headed hydra
 12111 | Lair:1   | 12111 ||| SWAPPING to +2 war axe of freezing.
 12264 | Lair:1   | 12264 ||| Stepping ~*~*~tactically~*~*~ (stealth).
 12265 | Lair:1   | 12265 ||| Stepping ~*~*~tactically~*~*~ (stealth).
 12509 | Lair:1   | 12509 ||| READING scroll labelled HEBLESHIGRU.
 12560 | Lair:2   | 12560 ||| INVOKING Berserk.
 12566 | Lair:2   | Reached XP level 12. HP: 106/106 MP: 11/11
 12749 | Lair:2   | 12749 ||| Stepping ~*~*~tactically~*~*~ (stealth).
 12754 | Lair:2   | 12754 ||| INVOKING Berserk.
 12883 | Lair:2   | Reached skill level 10 in Fighting
 12937 | Lair:2   | Noticed a catoblepas
 12938 | Lair:2   | 12938 ||| Stepping ~*~*~tactically~*~*~ (hiding).
 12942 | Lair:2   | 12942 ||| INVOKING Berserk.
 12948 | Lair:2   | Killed a catoblepas
 13203 | Lair:2   | 13203 ||| READING scroll of brand weapon.
 13203 | Lair:2   | 13203 ||| BRANDING +3 war axe of freezing.
 13204 | Lair:2   | 13204 ||| SWAPPING to +1 war axe of flaming.
 13205 | Lair:2   | 13205 ||| DROPPING +3 vorpal war axe.
 13209 | Lair:2   | 13209 ||| READING scroll of enchant armour.
 13209 | Lair:2   | 13209 ||| ENCHANTING +1 pair of boots.
 13276 | Lair:2   | Identified the +4 scale mail of the Shining Light {Str+2
                  | Int+7}
 13512 | Lair:3   | 13512 ||| INVOKING Berserk.
 13527 | Lair:3   | 13527 ||| Stepping ~*~*~tactically~*~*~ (water).
 13763 | Lair:3   | Noticed Nessos
 13770 | Lair:3   | 13770 ||| INVOKING Berserk.
 13787 | Lair:3   | Killed Nessos
 13818 | Lair:3   | 13818 ||| Stepping ~*~*~tactically~*~*~ (stealth).
 13841 | Lair:3   | Reached skill level 11 in Fighting
 13926 | Lair:3   | 13926 ||| FLEEEEING.
 13927 | Lair:3   | 13927 ||| FLEEEEING.
 13928 | Lair:3   | 13928 ||| FLEEEEING.
 13929 | Lair:3   | 13929 ||| FLEEEEING.
 13930 | Lair:3   | 13930 ||| FLEEEEING.
 13931 | Lair:3   | 13931 ||| FLEEEEING.
 13932 | Lair:3   | 13932 ||| FLEEEEING.
 13935 | Lair:3   | 13935 ||| STAIRDANCE
 14102 | Lair:3   | 14102 ||| Stepping ~*~*~tactically~*~*~ (hiding).
 14105 | Lair:3   | 14105 ||| Stepping ~*~*~tactically~*~*~ (hiding).
 14160 | Lair:3   | Reached skill level 12 in Shields
 14166 | Lair:3   | Found a hole to the Spider Nest.
 14295 | Lair:3   | 14295 ||| Stepping ~*~*~tactically~*~*~ (stealth).
 14425 | Lair:3   | Found a staircase to the Shoals.
 14425 | Lair:3   | Noticed an eight-headed hydra
 14426 | Lair:3   | 14426 ||| INVOKING Berserk.
 14430 | Lair:3   | Killed a four-headed hydra
 14781 | Lair:4   | 14781 ||| Stepping ~*~*~tactically~*~*~ (stealth).
 14799 | Lair:4   | 14799 ||| Stepping ~*~*~tactically~*~*~ (stealth).
 14805 | Lair:4   | Reached skill level 6 in Throwing
 14805 | Lair:4   | 14805 ||| Stepping ~*~*~tactically~*~*~ (hiding).
 14811 | Lair:4   | 14811 ||| FLEEEEING.
 14812 | Lair:4   | 14812 ||| FLEEEEING.
 14813 | Lair:4   | 14813 ||| FLEEEEING.
 14814 | Lair:4   | 14814 ||| FLEEEEING.
 14815 | Lair:4   | 14815 ||| FLEEEEING.
 14816 | Lair:4   | 14816 ||| STAIRDANCE
 14835 | Lair:4   | 14835 ||| STAIRDANCE
 14889 | Lair:4   | 14889 ||| INVOKING Berserk.
 15059 | Lair:4   | 15059 ||| Stepping ~*~*~tactically~*~*~ (stealth).
 15063 | Lair:4   | 15063 ||| INVOKING Berserk.
 15068 | Lair:4   | Found a transporter.
 15266 | Lair:4   | Reached XP level 13. HP: 69/117 MP: 12/12
 15337 | Lair:4   | 15337 ||| Stepping ~*~*~tactically~*~*~ (stealth).
 15349 | Lair:4   | Reached skill level 12 in Fighting
 15361 | Lair:4   | Found a transporter.
 15466 | Lair:4   | Found an ornate altar of the Wu Jian Council.
 15468 | Lair:4   | Found a hide-covered altar of Uskayaw.
 15470 | Lair:4   | 15470 ||| INVOKING Berserk.
 15916 | Lair:4   | 15916 ||| DROPPING +6 ring of strength.
 15936 | Lair:5   | Entered Level 5 of the Lair of Beasts
 16042 | Lair:5   | 16042 ||| INVOKING Berserk.
 16172 | Lair:5   | 16172 ||| FLEEEEING.
 16173 | Lair:5   | 16173 ||| FLEEEEING.
 16175 | Lair:5   | 16175 ||| STAIRDANCE
 16279 | Lair:4   | 16279 ||| READING scroll labelled QIRPHA XAPNO.
 16279 | Lair:4   | Identified a scroll of acquirement
 16279 | Lair:4   | 16279 ||| ACQUIRING +1 broad axe of electrocution
 16279 | Lair:4   | Acquired a +1 broad axe of electrocution
 16281 | Lair:4   | 16281 ||| SWAPPING to +1 broad axe of electrocution.
 16291 | Lair:5   | 16291 ||| INVOKING Berserk.
 16476 | Lair:5   | 16476 ||| Stepping ~*~*~tactically~*~*~ (stealth).
 16488 | Lair:5   | 16488 ||| INVOKING Berserk.
 16597 | Lair:5   | 16597 ||| FLEEEEING.
 16598 | Lair:5   | 16598 ||| FLEEEEING.
 16599 | Lair:5   | 16599 ||| FLEEEEING.
 16600 | Lair:5   | 16600 ||| FLEEEEING.
 16601 | Lair:5   | 16601 ||| FLEEEEING.
 16602 | Lair:5   | 16602 ||| FLEEEEING.
 16603 | Lair:5   | 16603 ||| FLEEEEING.
 16604 | Lair:5   | 16604 ||| FLEEEEING.
 16605 | Lair:5   | 16605 ||| FLEEEEING.
 16606 | Lair:5   | 16606 ||| STAIRDANCE
 16710 | Lair:5   | 16710 ||| STAIRDANCE
 16712 | Lair:4   | 16712 ||| INVOKING Berserk.
 16837 | Lair:5   | 16837 ||| INVOKING Berserk.
 16841 | Lair:5   | 16841 ||| STAIRDANCE
 16959 | Lair:5   | 16959 ||| INVOKING Berserk.
 16968 | Lair:5   | 16968 ||| STAIRDANCE
 17160 | Lair:5   | Found a viscous altar of Jiyva.
 17161 | Lair:5   | Found a staircase to the Slime Pits.
 17242 | Lair:5   | 17242 ||| READING scroll of acquirement.
 17242 | Lair:5   | 17242 ||| ACQUIRING +5 pair of boots of Pathos {rN++ Str+5
                  | Int-4}
 17242 | Lair:5   | Acquired the +5 pair of boots of Pathos {rN++ Str+5 Int-4}
 17356 | Lair:5   | Noticed a dire elephant
 17356 | Lair:5   | Noticed a dire elephant
 17356 | Lair:5   | Noticed a dire elephant
 17392 | Lair:5   | 17392 ||| FLEEEEING.
 17394 | Lair:5   | 17394 ||| FLEEEEING.
 17395 | Lair:5   | 17395 ||| FLEEEEING.
 17396 | Lair:5   | 17396 ||| FLEEEEING.
 17397 | Lair:5   | 17397 ||| FLEEEEING.
 17398 | Lair:5   | 17398 ||| FLEEEEING.
 17399 | Lair:5   | 17399 ||| FLEEEEING.
 17400 | Lair:5   | 17400 ||| FLEEEEING.
 17401 | Lair:5   | 17401 ||| FLEEEEING.
 17402 | Lair:5   | 17402 ||| FLEEEEING.
 17403 | Lair:5   | 17403 ||| FLEEEEING.
 17404 | Lair:5   | 17404 ||| FLEEEEING.
 17405 | Lair:5   | 17405 ||| FLEEEEING.
 17406 | Lair:5   | 17406 ||| FLEEEEING.
 17407 | Lair:5   | 17407 ||| FLEEEEING.
 17408 | Lair:5   | 17408 ||| FLEEEEING.
 17409 | Lair:5   | 17409 ||| STAIRDANCE
 17479 | Lair:5   | 17479 ||| INVOKING Berserk.
 17483 | Lair:5   | Reached skill level 18 in Axes
 17624 | Lair:5   | 17624 ||| Stepping ~*~*~tactically~*~*~ (stealth).
 17625 | Lair:5   | 17625 ||| Stepping ~*~*~tactically~*~*~ (stealth).
 17678 | Lair:5   | 17678 ||| INVOKING Brothers in Arms.
 17726 | Lair:5   | 17726 ||| INVOKING Berserk.
 17734 | Lair:5   | Killed a dire elephant
 17737 | Lair:5   | Reached skill level 12 in Armour
 17745 | Lair:5   | Killed a dire elephant
 17746 | Lair:5   | 17746 ||| Stepping ~*~*~tactically~*~*~ (stealth).
 17759 | Lair:5   | Killed a dire elephant
 17763 | Lair:5   | HP: 20/116 [dire elephant simulacrum[a necromancer] (13)]
 17764 | Lair:5   | 17764 ||| READING 5 scrolls of teleportation.
 17765 | Lair:5   | 17765 ||| DRINKING 2 potions of heal wounds.
 17858 | Lair:5   | 17858 ||| Stepping ~*~*~tactically~*~*~ (stealth).
 17925 | Lair:5   | Found the +3 Elemental Staff {rElec rF++ rC++ AC+5}
 18135 | Lair:5   | Reached skill level 13 in Fighting
 18135 | Lair:5   | Reached XP level 14. HP: 121/127 MP: 13/13
 18174 | Lair:5   | Identified the ring of Fatint {EV+4 Int+7}
 18219 | Lair:5   | 18219 ||| Stepping ~*~*~tactically~*~*~ (stealth).
 18258 | Lair:5   | Identified the +6 falchion "Avoaturoudgh" {flame, Int+4
                  | SInv}
 18259 | Lair:5   | 18259 ||| Stepping ~*~*~tactically~*~*~ (hiding).
 18409 | Lair:5   | 18409 ||| PLANNING D:1-11
 18409 | Lair:5   | 18409 ||| DROPPING +4 ring of slaying {mikee}.
 18410 | Lair:5   | 18410 ||| DROPPING ring of willpower.
 18411 | Lair:5   | 18411 ||| UPGRADING to ring of Fatint {EV+4 Int+7}.
 18413 | Lair:5   | 18413 ||| UPGRADING to +5 pair of boots of Pathos {rN++
                  | Str+5 Int-4}.
 18423 | Lair:5   | 18423 ||| DROPPING +2 pair of boots.
 18424 | Lair:5   | 18424 ||| UPGRADING to ring of poison resistance.
 18426 | Lair:5   | 18426 ||| READING 13 scrolls of identify.
 18426 | Lair:5   | 18426 ||| IDENTIFYING fuming green potion
 18427 | Lair:5   | 18427 ||| DROPPING potion of berserk rage.
 18765 | D:11     | 18765 ||| Stepping ~*~*~tactically~*~*~ (stealth).
 18766 | D:11     | 18766 ||| Stepping ~*~*~tactically~*~*~ (stealth).
 18770 | D:11     | 18770 ||| Stepping ~*~*~tactically~*~*~ (hiding).
 18771 | D:11     | 18771 ||| Stepping ~*~*~tactically~*~*~ (hiding).
 18773 | D:11     | 18773 ||| Stepping ~*~*~tactically~*~*~ (hiding).
 18775 | D:11     | 18775 ||| Stepping ~*~*~tactically~*~*~ (hiding).
 18776 | D:11     | 18776 ||| Stepping ~*~*~tactically~*~*~ (hiding).
 18777 | D:11     | 18777 ||| Stepping ~*~*~tactically~*~*~ (hiding).
 18832 | D:11     | 18832 ||| Stepping ~*~*~tactically~*~*~ (hiding).
 18833 | D:11     | 18833 ||| Stepping ~*~*~tactically~*~*~ (hiding).
 18844 | D:11     | 18844 ||| Stepping ~*~*~tactically~*~*~ (hiding).
 18913 | D:11     | 18913 ||| Stepping ~*~*~tactically~*~*~ (stealth).
 19042 | D:11     | 19042 ||| FLEEEEING.
 19048 | D:11     | 19048 ||| Stepping ~*~*~tactically~*~*~ (hiding).
 19371 | D:11     | Identified the +0 robe of Goaf {Regen+ rCorr Int-3}
 19474 | D:11     | 19474 ||| PLANNING D
 19518 | D:12     | 19518 ||| INVOKING Berserk.
 19785 | D:12     | 19785 ||| Stepping ~*~*~tactically~*~*~ (stealth).
 19802 | D:12     | 19802 ||| INVOKING Berserk.
 20187 | D:13     | 20187 ||| PLANNING GAUNTLET
 20187 | D:13     | 20187 ||| STAIRDANCE
 20189 | D:12     | 20189 ||| INVOKING Berserk.
 20299 | D:13     | 20299 ||| STAIRDANCE
 20304 | D:12     | Reached ***** piety under Trog
 20308 | D:13     | 20308 ||| STAIRDANCE
 20330 | D:13     | 20330 ||| STAIRDANCE
 20369 | D:13     | 20369 ||| READING scroll of enchant weapon.
 20369 | D:13     | 20369 ||| ENCHANTING +1 broad axe of electrocution.
 20418 | D:13     | 20418 ||| Stepping randomly (disturbance).
 20422 | D:13     | 20422 ||| Stepping randomly (disturbance).
 20423 | D:13     | 20423 ||| Stepping randomly (disturbance).
 20427 | D:13     | 20427 ||| FLEEEEING.
 20428 | D:13     | 20428 ||| FLEEEEING.
 20429 | D:13     | 20429 ||| FLEEEEING.
 20614 | D:13     | 20614 ||| Stepping ~*~*~tactically~*~*~ (hiding).
 20621 | D:13     | Reached skill level 14 in Fighting
 20721 | D:13     | Found a gate leading to a gauntlet.
 20722 | D:13     | 20722 ||| READING 12 scrolls of identify.
 20722 | D:13     | 20722 ||| IDENTIFYING red potion
 20730 | Gauntlet | Entered a Gauntlet
 20730 | Gauntlet | Found a transporter.
 20730 | Gauntlet | Found a transporter.
 20730 | Gauntlet | Found a transporter.
 20739 | Gauntlet | Found a transporter.
 20749 | Gauntlet | Found a transporter.
 20764 | Gauntlet | Found a transporter.
 20774 | Gauntlet | Found a transporter.
 20789 | Gauntlet | Found a transporter.
 20795 | Gauntlet | Found a transporter.
 20809 | Gauntlet | Found a transporter.
 20814 | Gauntlet | Found a transporter.
 20818 | Gauntlet | Found a transporter.
 20933 | Gauntlet | 20933 ||| Stepping ~*~*~tactically~*~*~ (hiding).
 20937 | Gauntlet | 20937 ||| INVOKING Trog's Hand.
 20951 | Gauntlet | 20951 ||| Stepping ~*~*~tactically~*~*~ (hiding).
 21065 | Gauntlet | 21065 ||| INVOKING Berserk.
 21185 | Gauntlet | 21185 ||| UPGRADING to +1 cloak of preservation.
 21195 | Gauntlet | 21195 ||| DROPPING +0 cloak.
 21201 | Gauntlet | 21201 ||| INVOKING Berserk.
 21222 | Gauntlet | 21222 ||| INVOKING Brothers in Arms.
 21223 | Gauntlet | 21223 ||| INVOKING Brothers in Arms.
 21342 | Gauntlet | 21342 ||| READING scroll of enchant weapon.
 21342 | Gauntlet | 21342 ||| ENCHANTING +2 broad axe of electrocution.
 21355 | Gauntlet | 21355 ||| INVOKING Berserk.
 21467 | Gauntlet | Identified the ring "Beskodoc" {Fly rCorr Int+2 Dex+2}
 21475 | Gauntlet | 21475 ||| DROPPING ring "Beskodoc" {Fly rCorr Int+2 Dex+2}.
 21488 | Gauntlet | 21488 ||| INVOKING Brothers in Arms.
 21490 | Gauntlet | 21490 ||| INVOKING Berserk.
 21630 | D:13     | 21630 ||| PLANNING D
 21785 | D:13     | 21785 ||| READING 11 scrolls of identify.
 21785 | D:13     | 21785 ||| IDENTIFYING dark potion
 21794 | D:14     | Found a portal to a secret trove of treasure.
 21827 | D:14     | 21827 ||| INVOKING Berserk.
 21971 | D:14     | 21971 ||| Stepping ~*~*~tactically~*~*~ (stealth).
 22035 | D:14     | 22035 ||| Stepping ~*~*~tactically~*~*~ (stealth).
 22070 | D:14     | Reached skill level 6 in Dodging
 22089 | D:14     | 22089 ||| INVOKING Brothers in Arms.
 22092 | D:14     | 22092 ||| INVOKING Berserk.
 22204 | D:14     | 22204 ||| READING 3 scrolls of brand weapon.
 22204 | D:14     | 22204 ||| BRANDING +3 broad axe of electrocution.
 22229 | D:14     | Identified the +0 ring mail "Nintiri" {+Inv Fly Will-
                  | Stlth-}
 22233 | D:14     | Reached skill level 15 in Fighting
 22233 | D:14     | Noticed Kirke
 22234 | D:14     | 22234 ||| INVOKING Trog's Hand.
 22235 | D:14     | 22235 ||| INVOKING Brothers in Arms.
 22254 | D:14     | 22254 ||| INVOKING Berserk.
 22265 | D:14     | Killed Kirke
 22323 | D:14     | 22323 ||| Stepping ~*~*~tactically~*~*~ (stealth).
 22324 | D:14     | 22324 ||| Stepping ~*~*~tactically~*~*~ (stealth).
 22487 | D:14     | Noticed Azrael
 22492 | D:14     | 22492 ||| INVOKING Berserk.
 22501 | D:14     | Killed Azrael
 22502 | D:14     | Reached XP level 15. HP: 138/141 MP: 14/14
 23008 | D:14     | 23008 ||| INVOKING Berserk.
 23153 | D:14     | Found a gate to the Vaults.
 23157 | D:14     | Identified the +1 ring mail of Analysis {rPois Stlth+}
 23241 | D:15     | Entered Level 15 of the Dungeon
 23243 | D:15     | 23243 ||| SWAPPING to +1 war axe of flaming.
 23250 | D:15     | 23250 ||| STAIRDANCE
 23252 | D:14     | 23252 ||| SWAPPING to +3 vampiric broad axe.
 23546 | D:15     | 23546 ||| Stepping ~*~*~tactically~*~*~ (hiding).
 23579 | D:15     | 23579 ||| INVOKING Berserk.
 24268 | D:15     | Reached skill level 9 in Throwing
 24317 | D:15     | 24317 ||| INVOKING Trog's Hand.
 24319 | D:15     | 24319 ||| INVOKING Berserk.
 24324 | D:15     | Reached skill level 15 in Shields
 24468 | D:15     | 24468 ||| READING scroll of enchant armour.
 24468 | D:15     | 24468 ||| ENCHANTING +1 cloak of preservation.
 24536 | D:15     | 24536 ||| Stepping ~*~*~tactically~*~*~ (stealth).
 24538 | D:15     | 24538 ||| Stepping ~*~*~tactically~*~*~ (stealth).
 24563 | D:15     | 24563 ||| Stepping ~*~*~tactically~*~*~ (stealth).
 24567 | D:15     | 24567 ||| Stepping ~*~*~tactically~*~*~ (stealth).
 24638 | D:15     | 24638 ||| Stepping ~*~*~tactically~*~*~ (hiding).
 24663 | D:15     | 24663 ||| Stepping ~*~*~tactically~*~*~ (hiding).
 24667 | D:15     | 24667 ||| INVOKING Trog's Hand.
 24780 | D:15     | 24780 ||| Stepping ~*~*~tactically~*~*~ (stealth).
 24787 | D:15     | 24787 ||| INVOKING Berserk.
 24807 | D:15     | Reached skill level 16 in Fighting
 24807 | D:15     | Found a staircase to the Depths.
 25012 | D:15     | 25012 ||| PLANNING ORC
 25114 | D:11     | 25114 ||| Stepping ~*~*~tactically~*~*~ (stealth).
 25116 | D:11     | 25116 ||| Stepping ~*~*~tactically~*~*~ (hiding).
 25118 | D:11     | 25118 ||| Stepping ~*~*~tactically~*~*~ (hiding).
 25198 | Orc:1    | Entered Level 1 of the Orcish Mines
 25206 | Orc:1    | 25206 ||| Stepping ~*~*~tactically~*~*~ (stealth).
 25210 | Orc:1    | 25210 ||| Stepping ~*~*~tactically~*~*~ (stealth).
 25211 | Orc:1    | 25211 ||| Stepping ~*~*~tactically~*~*~ (stealth).
 25216 | Orc:1    | 25216 ||| Stepping ~*~*~tactically~*~*~ (stealth).
 25219 | Orc:1    | 25219 ||| Stepping ~*~*~tactically~*~*~ (hiding).
 25220 | Orc:1    | 25220 ||| Stepping ~*~*~tactically~*~*~ (hiding).
 25221 | Orc:1    | 25221 ||| Stepping ~*~*~tactically~*~*~ (hiding).
 25222 | Orc:1    | 25222 ||| Stepping ~*~*~tactically~*~*~ (hiding).
 25232 | Orc:1    | Noticed Erica
 25233 | Orc:1    | 25233 ||| Stepping ~*~*~tactically~*~*~ (stealth).
 25248 | Orc:1    | 25248 ||| Stepping ~*~*~tactically~*~*~ (hiding).
 25252 | Orc:1    | Received a gift from Trog
 25261 | Orc:1    | 25261 ||| INVOKING Brothers in Arms.
 25264 | Orc:1    | 25264 ||| INVOKING Berserk.
 25268 | Orc:1    | Killed Erica
 25400 | Orc:1    | 25400 ||| DROPPING +1 war axe of flaming.
 25468 | Orc:1    | Found a burning altar of Makhleb.
 25636 | Orc:2    | Entered Level 2 of the Orcish Mines
 25654 | Orc:2    | Noticed Erolcha
 25655 | Orc:2    | 25655 ||| INVOKING Trog's Hand.
 25669 | Orc:2    | Killed Erolcha
 25792 | Orc:2    | 25792 ||| INVOKING Berserk.
 25798 | Orc:2    | Reached skill level 15 in Armour
 25961 | Orc:2    | 25961 ||| Stepping ~*~*~tactically~*~*~ (stealth).
 25966 | Orc:2    | 25966 ||| INVOKING Trog's Hand.
 25973 | Orc:2    | 25973 ||| INVOKING Berserk.
 26019 | Orc:2    | 26019 ||| INVOKING Trog's Hand.
 26023 | Orc:2    | Reached skill level 17 in Fighting
 26024 | Orc:2    | Found Siaps's General Store.
 26024 | Orc:2    | Found Gug Deud's Jewellery Boutique.
 26025 | Orc:2    | 26025 ||| INVOKING Brothers in Arms.
 26030 | Orc:2    | Found Ubbixk Uqed's Jewellery Shop.
 26030 | Orc:2    | Found Zezoklaq's Weapon Emporium.
 26146 | Orc:2    | 26146 ||| BUYING ring "Pelekeo" {rElec rPois} (578 gold).
 26146 | Orc:2    | Bought the ring "Pelekeo" {rElec rPois} for 578 gold pieces
 26147 | Orc:2    | 26147 ||| BUYING 2 potions of resistance (320 gold).
 26147 | Orc:2    | Bought 2 potions of resistance for 320 gold pieces
 26147 | Orc:2    | 26147 ||| BUYING potion of might (64 gold).
 26147 | Orc:2    | Bought a potion of might for 64 gold pieces
 26147 | Orc:2    | 26147 ||| BUYING scroll of enchant weapon (120 gold).
 26147 | Orc:2    | Bought a scroll of enchant weapon for 120 gold pieces
 26147 | Orc:2    | 26147 ||| BUYING scroll of enchant weapon (120 gold).
 26147 | Orc:2    | Bought a scroll of enchant weapon for 120 gold pieces
 26147 | Orc:2    | 26147 ||| READING 2 scrolls of enchant weapon.
 26147 | Orc:2    | 26147 ||| ENCHANTING +3 vampiric broad axe.
 26148 | Orc:2    | 26148 ||| READING scroll of enchant weapon.
 26148 | Orc:2    | 26148 ||| ENCHANTING +4 vampiric broad axe.
 26266 | Orc:2    | 26266 ||| Stepping ~*~*~tactically~*~*~ (stealth).
 26269 | Orc:2    | 26269 ||| Stepping ~*~*~tactically~*~*~ (hiding).
 26286 | Orc:2    | Found a staircase to the Elven Halls.
 26373 | Orc:2    | 26373 ||| UPGRADING to ring "Pelekeo" {rElec rPois}.
 26375 | Orc:2    | 26375 ||| DROPPING ring of poison resistance.
 26451 | Orc:1    | Noticed Fannar
 26461 | Orc:1    | Killed Fannar
 26462 | Orc:1    | Reached XP level 16. HP: 125/155 MP: 15/15
 26527 | Orc:1    | 26527 ||| PLANNING SHOALS:1-3
 26666 | Shoals:1 | Entered Level 1 of the Shoals
 26701 | Shoals:1 | 26701 ||| Stepping ~*~*~tactically~*~*~ (hiding).
 26702 | Shoals:1 | 26702 ||| Stepping ~*~*~tactically~*~*~ (hiding).
 26707 | Shoals:1 | Identified the +7 executioner's axe of Acowe {flame, rN+}
                  | (Trog gifted it to you on level 1 of the Shoals)
 26707 | Shoals:1 | Received a gift from Trog
 26841 | Shoals:1 | 26841 ||| INVOKING Brothers in Arms.
 26842 | Shoals:1 | 26842 ||| INVOKING Brothers in Arms.
 26843 | Shoals:1 | 26843 ||| Stepping ~*~*~tactically~*~*~ (water).
 26844 | Shoals:1 | 26844 ||| Stepping ~*~*~tactically~*~*~ (water).
 26849 | Shoals:1 | 26849 ||| INVOKING Brothers in Arms.
 26850 | Shoals:1 | 26850 ||| INVOKING Brothers in Arms.
 26852 | Shoals:1 | HP: 35/155 [manticore/volley of spikes (11)]
 26853 | Shoals:1 | 26853 ||| READING 9 scrolls of teleportation.
 26853 | Shoals:1 | HP: 16/155 [drowned by a water nymph (7)]
 26854 | Shoals:1 | 26854 ||| DRINKING 5 potions of heal wounds.
 26855 | Shoals:1 | 26855 ||| DRINKING 4 potions of heal wounds.
 27316 | Shoals:1 | 27316 ||| Stepping ~*~*~tactically~*~*~ (stealth).
 27317 | Shoals:1 | 27317 ||| Stepping ~*~*~tactically~*~*~ (stealth).
 27319 | Shoals:1 | 27319 ||| Stepping ~*~*~tactically~*~*~ (hiding).
 27321 | Shoals:1 | 27321 ||| Stepping ~*~*~tactically~*~*~ (hiding).
 27323 | Shoals:1 | 27323 ||| Stepping ~*~*~tactically~*~*~ (hiding).
 27361 | Shoals:1 | 27361 ||| Stepping ~*~*~tactically~*~*~ (hiding).
 27363 | Shoals:1 | 27363 ||| Stepping ~*~*~tactically~*~*~ (hiding).
 27367 | Shoals:1 | 27367 ||| INVOKING Berserk.
 27387 | Shoals:1 | 27387 ||| Stepping ~*~*~tactically~*~*~ (stealth).
 27394 | Shoals:1 | 27394 ||| Stepping ~*~*~tactically~*~*~ (water).
 27395 | Shoals:1 | 27395 ||| Stepping ~*~*~tactically~*~*~ (water).
 27554 | Shoals:1 | 27554 ||| Stepping ~*~*~tactically~*~*~ (stealth).
 27563 | Shoals:1 | 27563 ||| Stepping ~*~*~tactically~*~*~ (cloud).
 27567 | Shoals:1 | 27567 ||| Stepping ~*~*~tactically~*~*~ (cloud).
 27572 | Shoals:1 | 27572 ||| Stepping ~*~*~tactically~*~*~ (cloud).
 27716 | Shoals:1 | 27716 ||| READING scroll of enchant armour.
 27716 | Shoals:1 | 27716 ||| ENCHANTING +0 plate armour.
 27723 | Shoals:1 | 27723 ||| READING scroll of enchant weapon.
 27723 | Shoals:1 | 27723 ||| ENCHANTING +5 vampiric broad axe.
 27769 | Shoals:1 | 27769 ||| INVOKING Berserk.
 27965 | Shoals:2 | 27965 ||| Stepping ~*~*~tactically~*~*~ (hiding).
 27988 | Shoals:2 | 27988 ||| Stepping ~*~*~tactically~*~*~ (hiding).
 28058 | Shoals:2 | 28058 ||| Stepping ~*~*~tactically~*~*~ (water).
 28059 | Shoals:2 | 28059 ||| Stepping ~*~*~tactically~*~*~ (stealth).
 28061 | Shoals:2 | 28061 ||| Stepping ~*~*~tactically~*~*~ (stealth).
 28225 | Shoals:2 | 28225 ||| INVOKING Berserk.
 28242 | Shoals:2 | 28242 ||| INVOKING Trog's Hand.
 28303 | Shoals:2 | 28303 ||| Stepping ~*~*~tactically~*~*~ (stealth).
 28388 | Shoals:2 | Found Tizimasia's Weapon Shop.
 28394 | Shoals:2 | 28394 ||| INVOKING Berserk.
 28554 | Shoals:2 | 28554 ||| Stepping ~*~*~tactically~*~*~ (hiding).
 28555 | Shoals:2 | 28555 ||| INVOKING Trog's Hand.
 28556 | Shoals:2 | 28556 ||| INVOKING Brothers in Arms.
 28569 | Shoals:2 | 28569 ||| INVOKING Berserk.
 28816 | Shoals:2 | 28816 ||| Stepping ~*~*~tactically~*~*~ (hiding).
 28818 | Shoals:2 | 28818 ||| Stepping ~*~*~tactically~*~*~ (stealth).
 28819 | Shoals:2 | Noticed Ilsuiw
 28820 | Shoals:2 | 28820 ||| INVOKING Berserk.
 28868 | Shoals:2 | HP: 38/156 [something/shard of ice (35)]
 28874 | Shoals:2 | HP: 39/156 [something (2)]
 28875 | Shoals:2 | 28875 ||| READING 8 scrolls of teleportation.
 28876 | Shoals:2 | 28876 ||| DRINKING 3 potions of heal wounds.
 28958 | Shoals:2 | 28958 ||| Invisible monster not found???
 29099 | Shoals:3 | Found Qoykketz's Vocational Training.
 29124 | Shoals:3 | Reached skill level 18 in Fighting
 29130 | Shoals:3 | 29130 ||| INVOKING Trog's Hand.
 29139 | Shoals:3 | 29139 ||| Stepping ~*~*~tactically~*~*~ (water).
 29140 | Shoals:3 | 29140 ||| INVOKING Berserk.
 29166 | Shoals:3 | 29166 ||| INVOKING Trog's Hand.
 29173 | Shoals:3 | 29173 ||| Stepping ~*~*~tactically~*~*~ (water).
 29423 | Shoals:3 | 29423 ||| INVOKING Berserk.
 29424 | Shoals:3 | Noticed a kraken
 29439 | Shoals:3 | Killed a kraken
 29546 | Shoals:3 | 29546 ||| READING scroll of enchant armour.
 29546 | Shoals:3 | 29546 ||| ENCHANTING +1 plate armour.
 29547 | Shoals:3 | Found Oxiaty's Distillery.
 29550 | Shoals:3 | 29550 ||| INVOKING Trog's Hand.
 29556 | Shoals:3 | 29556 ||| Stepping ~*~*~tactically~*~*~ (water).
 29578 | Shoals:3 | 29578 ||| INVOKING Trog's Hand.
 29597 | Shoals:3 | 29597 ||| BUYING potion of curing (57 gold).
 29597 | Shoals:3 | Bought a potion of curing for 57 gold pieces
 29597 | Shoals:3 | 29597 ||| BUYING potion of curing (57 gold).
 29597 | Shoals:3 | Bought a potion of curing for 57 gold pieces
 29597 | Shoals:3 | 29597 ||| BUYING potion of curing (57 gold).
 29597 | Shoals:3 | Bought a potion of curing for 57 gold pieces
 29597 | Shoals:3 | 29597 ||| BUYING potion of resistance (190 gold).
 29597 | Shoals:3 | Bought a potion of resistance for 190 gold pieces
 29687 | Shoals:3 | 29687 ||| Stepping ~*~*~tactically~*~*~ (hiding).
 29691 | Shoals:3 | 29691 ||| Stepping ~*~*~tactically~*~*~ (stealth).
 29765 | Shoals:2 | 29765 ||| PLANNING SPIDER:1-3
 29882 | Spider:1 | Entered Level 1 of the Spider Nest
 29908 | Spider:1 | 29908 ||| Stepping ~*~*~tactically~*~*~ (stealth).
 29910 | Spider:1 | Noticed Mlioglotl
 29913 | Spider:1 | 29913 ||| Stepping ~*~*~tactically~*~*~ (stealth).
 29914 | Spider:1 | 29914 ||| Stepping ~*~*~tactically~*~*~ (stealth).
 29917 | Spider:1 | 29917 ||| INVOKING Brothers in Arms.
 29920 | Spider:1 | 29920 ||| INVOKING Brothers in Arms.
 29927 | Spider:1 | Reached skill level 9 in Dodging
 29930 | Spider:1 | Killed Mlioglotl
 29931 | Spider:1 | Reached XP level 17. HP: 163/163 MP: 16/16
 30073 | Spider:1 | 30073 ||| INVOKING Berserk.
 30093 | Spider:1 | 30093 ||| Stepping ~*~*~tactically~*~*~ (stealth).
 30128 | Spider:1 | 30128 ||| Stepping ~*~*~tactically~*~*~ (stealth).
 30129 | Spider:1 | 30129 ||| Stepping ~*~*~tactically~*~*~ (stealth).
 30133 | Spider:1 | 30133 ||| Stepping ~*~*~tactically~*~*~ (hiding).
 30144 | Spider:1 | 30144 ||| Stepping ~*~*~tactically~*~*~ (stealth).
 30147 | Spider:1 | 30147 ||| Stepping ~*~*~tactically~*~*~ (stealth).
 30149 | Spider:1 | 30149 ||| Stepping ~*~*~tactically~*~*~ (stealth).
 30151 | Spider:1 | 30151 ||| Stepping ~*~*~tactically~*~*~ (hiding).
 30180 | Spider:1 | 30180 ||| Stepping randomly (disturbance).
 30207 | Spider:1 | 30207 ||| Stepping ~*~*~tactically~*~*~ (stealth).
 30217 | Spider:1 | 30217 ||| Stepping ~*~*~tactically~*~*~ (stealth).
 30218 | Spider:1 | 30218 ||| Stepping ~*~*~tactically~*~*~ (stealth).
 30334 | Spider:1 | 30334 ||| Stepping ~*~*~tactically~*~*~ (stealth).
 30411 | Spider:1 | 30411 ||| Stepping ~*~*~tactically~*~*~ (stealth).
 30423 | Spider:1 | 30423 ||| Stepping ~*~*~tactically~*~*~ (hiding).
 30593 | Spider:1 | 30593 ||| INVOKING Berserk.
 30612 | Spider:1 | Reached skill level 19 in Fighting
 30626 | Spider:1 | 30626 ||| INVOKING Brothers in Arms.
 30639 | Spider:1 | 30639 ||| INVOKING Brothers in Arms.
 30686 | Spider:1 | 30686 ||| Stepping ~*~*~tactically~*~*~ (hiding).
 30688 | Spider:1 | 30688 ||| Stepping ~*~*~tactically~*~*~ (hiding).
 30690 | Spider:1 | Paralysed by a jorogumo for 3 turns
 30701 | Spider:1 | 30701 ||| DRINKING 13 potions of curing.
 30701 | Spider:1 | 30701 ||| (to cure confusion)
 30703 | Spider:1 | Received a gift from Trog
 30762 | Spider:1 | 30762 ||| Stepping ~*~*~tactically~*~*~ (stealth).
 30763 | Spider:1 | 30763 ||| Stepping ~*~*~tactically~*~*~ (stealth).
 31160 | Spider:2 | Identified the +2 pair of gloves of Impermeability {Rampage
                  | rElec Will- Int+5}
 31276 | Spider:2 | 31276 ||| Stepping ~*~*~tactically~*~*~ (stealth).
 32034 | Spider:2 | 32034 ||| DROPPING ring of protection from cold.
 32063 | Spider:3 | 32063 ||| STAIRDANCE
 32068 | Spider:3 | 32068 ||| STAIRDANCE
 32090 | Spider:3 | 32090 ||| STAIRDANCE
 32102 | Spider:3 | 32102 ||| Stepping ~*~*~tactically~*~*~ (stealth).
 32137 | Spider:3 | 32137 ||| Stepping ~*~*~tactically~*~*~ (stealth).
 32140 | Spider:3 | 32140 ||| Stepping ~*~*~tactically~*~*~ (stealth).
 32145 | Spider:3 | 32145 ||| INVOKING Berserk.
 32164 | Spider:3 | 32164 ||| DRINKING 13 potions of curing.
 32164 | Spider:3 | 32164 ||| (to cure confusion)
 32165 | Spider:3 | 32165 ||| INVOKING Brothers in Arms.
 32476 | Spider:3 | Reached skill level 18 in Armour
 32965 | Spider:3 | 32965 ||| STAIRDANCE
 33075 | Spider:3 | 33075 ||| PLANNING SHOALS:4
 33283 | Shoals:4 | Entered Level 4 of the Shoals
 33291 | Shoals:4 | 33291 ||| Stepping ~*~*~tactically~*~*~ (hiding).
 33403 | Shoals:4 | 33403 ||| Stepping ~*~*~tactically~*~*~ (hiding).
 33407 | Shoals:4 | 33407 ||| Stepping ~*~*~tactically~*~*~ (hiding).
 33451 | Shoals:4 | 33451 ||| INVOKING Berserk.
 33600 | Shoals:4 | 33600 ||| INVOKING Berserk.
 33637 | Shoals:4 | HP: 41/168 [merfolk impaler/+1 trident of pain (4)]
 33637 | Shoals:4 | HP: 18/168 [merfolk impaler/+1 trident of pain (10)]
 33638 | Shoals:4 | 33638 ||| READING 11 scrolls of teleportation.
 33638 | Shoals:4 | HP: 4/168 [merfolk impaler/+2 trident of flaming (8)]
 33638 | Shoals:4 | Hit by a javelin thrown by a merfolk javelineer

Levels and vault maps discovered:
D:1:      eino_arrival_tree_alley, layout_loops_ring
D:2:      layout_basic, hellmonk_ecumenical_altar_arch_garden
D:3:      layout_basic, lemuel_doored_altar
D:4:      layout_loops_ring, okawaru_trees_1, mainiacjoe_overflow_alcove_1,
          serial_shops, shop, minmay_manual_monolith, uniq_menkaure
D:5:      layout_cave_pools, nicolae_ru_great_annihilating_truth,
          serial_column_ruins, column_ruins_hut, column_ruins_grid_3,
          column_ruins_open_small_water, column_ruins_columns_straight,
          column_ruins_columns_plus, column_ruins_open_tiny,
          column_ruins_columns_straight, column_ruins_open_small
D:6:      layout_basic, minmay_temple_entry_glassed_door,
          gammafunk_ghost_abyssal_escape, uniq_blork_the_orc,
          uniq_crazy_yiuf_cottage
D:7:      layout_cave_pods, trog_book, tso_oasis_becter,
          mainiacjoe_overflow_24_doors, serial_shops, nicolae_shop_trees
D:8:      layout_basic, uniq_maurice
D:9:      layout_rooms, nicolae_overflow_hidden_temple, kennysheep_little_box,
          serial_bayou_lake_a
D:10:     layout_rooms, grunt_gozag_statues, grunt_dithmenos_smoke,
          dpeg_lair_monsters, david_orc_4, minivault_23
D:11:     layout_gridville
D:12:     layout_roguey
D:13:     layout_basic, gauntlet_entry_generic
D:14:     layout_long_grid, david_vaults_4, nicolae_trove_entry_path_of_doom,
          serial_bayou_pond_c, uniq_kirke, uniq_azrael
D:15:     gammafunk_enter_depths_forms, layout_gridville, serial_bayou_pond_e,
          minmay_misc_feat_hallway, wad_scary_box
Lair:1:   layout_chaotic_city
Lair:2:   layout_hall_layers, cheibrodos_lair_reptile_den, grunt_megastairs_5,
          lemuel_fruit_tree
Lair:3:   layout_loops_ring, minmay_shoals_entry_hut, dummy_spider_entry,
          kennysheep_basilisk_garden, uniq_nessos
Lair:4:   gammafunk_cloud_chamber, layout_loops_ring, serial_bayou_pond_a,
          nzn_masters_of_martial_movement, serial_bayou_shore_b
Lair:5:   due_jungle_book, layout_big_grid, dpeg_slime_entry_corner,
          nicolae_volcano_entry_s_turn, eino_house_with_fridge
Shoals:1: layout_shoals, nicolae_shoals_secluded_bog
Shoals:2: layout_shoals, nicolae_take_the_stairs, uniq_ilsuiw
Shoals:3: layout_shoals, serial_shops, shop, nicolae_shop_vocational
Shoals:4: shoals_end_hellmonk_storm_palace [storm_palace_center_ruins,
          storm_palace_corner_narrow, storm_palace_corner_pillars,
          storm_palace_corner_reverse_hut, storm_palace_corner_blocked],
          uniq_polyphemus
Spider:1: nicolae_spider_hall_of_the_moth_king,
          hangedman_spider_tarantella_strand, uniq_mlioglotl
Spider:2: layout_spider_delve
Spider:3: layout_spider_delve, nicolae_spider_cling_halls
Orc:1:    layout_diamond_mine, basic_altar, uniq_fannar, uniq_erica
Orc:2:    st_orc_ogre_mass, layout_diamond_mine, uniq_erolcha

Skill      XL: |  1  2  3  4  5  6  7  8  9 10 11 12 13 14 15 16 17 |
---------------+----------------------------------------------------+-----
Axes           | 4 5 6 7 9 10 12 14 16 18 | 18.0
Throwing       | 1 2 3 4 6 7 8 9 10 11 | 11.0
Shields        | 2 5 6 7 8 9 10 12 13 14 15 16 17 | 17.0
Fighting       | 4 5 7 8 9 11 13 15 17 18 19 | 19.0
Armour         | 3 4 5 7 9 11 12 13 15 17 18 | 18.0
Dodging        | 3 4 6 7 9 |  9.0

Action                   |  1- 3 |  4- 6 |  7- 9 | 10-12 | 13-15 | 16-18 || total
-------------------------+-------+-------+-------+-------+-------+-------++-------
Melee: Hand axe          |    49 |    41 |   100 |       |       |       ||   190
       Headbutt          |     5 |     7 |    36 |    77 |   208 |   167 ||   500
       War axe           |       |       |   137 |   421 |    42 |       ||   600
       Broad axe         |       |       |       |       |   813 |   809 ||  1622
Throw: Javelin           |    17 |    28 |    40 |    81 |   133 |    43 ||   342
       Boomerang         |       |     8 |    16 |       |     1 |       ||    25
Invok: Berserk           |     2 |     4 |     9 |    22 |    27 |    13 ||    77
       Brothers in Arms  |       |       |       |     1 |     7 |     7 ||    15
       Trog's Hand       |       |       |       |       |     7 |     6 ||    13
  Use: Scroll            |     4 |     8 |     8 |     9 |    12 |     6 ||    47
       Potion            |     2 |     3 |     3 |       |     1 |     5 ||    14
 Stab: Paralysed         |       |       |     2 |       |       |       ||     2
       Distracted        |       |       |       |       |     1 |       ||     1
Armor: Animal skin       |     3 |       |       |       |       |       ||     3
       Ring mail         |     4 |     2 |       |       |       |       ||     6
       Chain mail        |       |     7 |    45 |       |       |       ||    52
       Plate armour      |       |       |     9 |   161 |   347 |   489 ||  1006
       Scale mail        |       |       |     5 |       |       |       ||     5
Dodge: Dodged            |    25 |    12 |   101 |   132 |   281 |   387 ||   938
Block: Kite shield       |       |    11 |   116 |   169 |   372 |   508 ||  1176

Table legend:
 A = Non-vault XP
 B = Vault XP
 C = Vault XP percentage of total XP
 D = Non-vault monster count
 E = Vault monster count
 F = Vault count percentage of total count
                 A         B        C        D         E       F
            +---------+---------+-------+---------+---------+-------
      Total |  174354 |   87725 |  33.5 |     687 |     219 |  24.2
            +---------+---------+-------+---------+---------+-------
        D:1 |      45 |       0 |   0.0 |      18 |       0 |   0.0
        D:2 |      64 |       0 |   0.0 |      21 |       0 |   0.0
        D:3 |      87 |       0 |   0.0 |      15 |       0 |   0.0
        D:4 |     211 |     247 |  53.9 |       5 |       5 |  50.0
        D:5 |     606 |      54 |   8.2 |      15 |       5 |  25.0
        D:6 |     731 |      91 |  11.1 |      13 |       1 |   7.1
        D:7 |    1901 |       0 |   0.0 |      32 |       0 |   0.0
        D:8 |     561 |     485 |  46.4 |      18 |       1 |   5.3
        D:9 |    3546 |       0 |   0.0 |      43 |       0 |   0.0
       D:10 |    1286 |    3899 |  75.2 |       9 |      18 |  66.7
       D:11 |    1540 |       0 |   0.0 |      20 |       0 |   0.0
       D:12 |    5911 |       0 |   0.0 |      22 |       0 |   0.0
       D:13 |    3980 |       0 |   0.0 |      10 |       0 |   0.0
       D:14 |   13686 |    7081 |  34.1 |      32 |      16 |  33.3
       D:15 |   12414 |   11134 |  47.3 |      28 |      17 |  37.8
     Lair:1 |    7737 |       0 |   0.0 |      35 |       0 |   0.0
     Lair:2 |    2438 |     753 |  23.6 |       6 |       8 |  57.1
     Lair:3 |    7399 |    1869 |  20.2 |      29 |       5 |  14.7
     Lair:4 |    8949 |     862 |   8.8 |      22 |       1 |   4.3
     Lair:5 |    7401 |   15376 |  67.5 |      25 |      40 |  61.5
   Shoals:1 |   13968 |    2055 |  12.8 |      30 |       3 |   9.1
   Shoals:2 |   15777 |    2612 |  14.2 |      36 |       5 |  12.2
   Shoals:3 |   21385 |       0 |   0.0 |      42 |       0 |   0.0
   Shoals:4 |    1985 |    5191 |  72.3 |       4 |      11 |  73.3
   Spider:1 |   21224 |    9305 |  30.5 |      57 |      13 |  18.6
   Spider:2 |    5176 |       0 |   0.0 |      13 |       0 |   0.0
   Spider:3 |    9712 |       0 |   0.0 |      23 |       0 |   0.0
      Orc:1 |     364 |    1693 |  82.3 |      10 |       2 |  16.7
      Orc:2 |    4270 |   18252 |  81.0 |      54 |      45 |  45.5
   Gauntlet |       0 |    6766 | 100.0 |       0 |      23 | 100.0
            +---------+---------+-------+---------+---------+-------
